 Dungeon Crawl Stone Soup version 0.24.0-123-gd5b16e6ec5 (webtiles) character file.

Game seed: 878208066825232198, levelgen mode: deterministic

40 FishyPogo the Skirmisher (level 3, 0/30 HPs)
             Began as a Demonspawn Chaos Knight on Feb 5, 2020.
             Was a Plaything of Xom.
             Slain by an adder (2 damage)
             ... on level 2 of the Dungeon.
             The game lasted 00:02:40 (1269 turns).

FishyPogo the Skirmisher (Demonspawn Chaos Knight)  Turns: 1269, Time: 00:02:40

Health: 0/30       AC:  6    Str: 18    XL:     3   Next: 30%
Magic:  3/3        EV: 11    Int: 13    God:    Xom [..*...]
Gold:   66         SH:  0    Dex: 12    Spells: 2/2 levels left

rFire    + . .     SeeInvis .   a - +0 short sword (chaos)
rCold    . . .     Gourm    .   (no shield)
rNeg     . . .     Faith    .   b - +2 leather armour
rPois    .         Spirit   .   n - +0 helmet
rElec    .         Reflect  .   (no cloak)
rCorr    .         Harm     .   (no gloves)
MR       .....                  (no boots)
Stlth    +.........             (no amulet)
HPRegen  0.10/turn              (no ring)
MPRegen  0.08/turn              (no ring)

@: mighty, lethally poisoned (0 -> -4)
A: fire resistance 1, flame cloud immunity
a: Renounce Religion


You were on level 2 of the Dungeon.
You worshipped Xom.
You were a toy of Xom.
You were very hungry.

You visited 1 branch of the dungeon, and saw 2 of its levels.

You collected 66 gold pieces.

Inventory:

Hand Weapons
 a - a +0 short sword of chaos (weapon)
Missiles
 f - 62 stones (quivered)
Armour
 b - a +2 leather armour (worn)
 n - a +0 helmet (worn)
Scrolls
 g - 2 scrolls of amnesia {unknown}
 h - 3 scrolls of identify {unknown}
 k - a scroll of immolation {unknown}
 m - a scroll of teleportation {unknown}
Potions
 e - a potion of berserk rage {unknown}
 i - a potion of heal wounds {unknown}
 j - a potion of flight {unknown}
 l - a potion of resistance {unknown}
Comestibles
 c - 3 rations


   Skills:
 + Level 3.8 Fighting
 + Level 3.2 Short Blades
 + Level 1.9 Armour
 - Level 1.0 Dodging
 + Level 0.1 Stealth


You had 2 spell levels left.
You didn't know any spells.
Your spell library was empty.

Dungeon Overview and Level Annotations

Branches:
Dungeon (2/15)

Altars:


Innate Abilities, Weirdness & Mutations

Your flesh is heat resistant. (rF+)
You are immune to clouds of flame.


Message History

You are no longer poisoned.
The adder closely misses you.
You closely miss the adder. The adder barely misses you.
You closely miss the adder. The adder closely misses you.
You miss the adder. "Go forth and cause havoc, mortal!"
You feel very mighty all of a sudden. The adder misses you.
The adder closely misses you.
You closely miss the adder. The adder bites you.
* * * LOW HITPOINT WARNING * * *
You are poisoned.
The adder poisons you!
You miss the adder.
You feel sick. The adder barely misses you.
You miss the adder. The adder barely misses you. The adder bites you.
* * * LOW HITPOINT WARNING * * *
You hit the adder.
The adder is heavily wounded.
* * * LOW HITPOINT WARNING * * *
You feel sick. The adder bites you.
You die...

..##.....#.##
#...........###+
#..............
#......# ...##
#.#+###.##.....#
#...b..........#
#....##)###....#
#... ##.###..##
#.. #...S@..#
###+##(.####.#
#.#.....##.#
####^.........#
#....)(...###.#
#<...(()...# ..
.######.##.....##.
..................
#######.#.#.#.####


You could see an adder.

Vanquished Creatures
  2 adders
  8 bats
  4 goblins
  2 hobgoblins (D:1)
  3 jackals (D:1)
  A kobold (D:1)
  A frilled lizard (D:1)
  A rat (D:1)
  A toadstool (D:1)
23 creatures vanquished.

Vanquished Creatures (others)
  9 toadstools
9 creatures vanquished.

Grand Total: 32 creatures vanquished

Notes
Turn   | Place    | Note
-------+----------+-------------------------------------------
     0 | D:1      | FishyPogo the Demonspawn Chaos Knight began the quest for
                  | the Orb.
     0 | D:1      | Reached XP level 1. HP: 18/18 MP: 1/1
   216 | D:1      | Gained mutation: Your flesh is heat resistant. (rF+)
                  | [demonic ancestry]
   216 | D:1      | Reached XP level 2. HP: 21/24 MP: 2/2
   755 | D:1      | Reached skill level 1 in Dodging
   780 | D:1      | XOM: divination: magic mapping
  1071 | D:1      | Gained mutation: You are immune to clouds of flame.
                  | [demonic ancestry]
  1071 | D:1      | Reached XP level 3. HP: 18/30 MP: 3/3
  1107 | D:1      | XOM: harmless Ice miscast
  1265 | D:2      | XOM: potion effect (might)
  1269 | D:2      | Slain by an adder

Levels and vault maps discovered:
D:1:      ldierk_water_garden, layout_basic
D:2:      cheibrodos_fertilizer, layout_basic, lemuel_round_altar, uniq_sigmund

Skill      XL: |  1  2 |
---------------+-------+-----
Short Blades   | 3 |  3.2
Dodging        | 1 |  1.0
Fighting       | |  3.8
Armour         | |  1.9
Stealth        | |  0.1

Action                   || total
-------------------------++-------
Melee: Short sword       ||   104
 Stab: Paralysed         ||     1
Armor: Leather armour    ||    39
Dodge: Dodged            ||    95
